 Dungeon Crawl Stone Soup version 0.17.1-3-g152610e (webtiles) character file.

98 dearth the Grasshopper (level 4, -5/22 HPs)
             Began as a Spriggan Warper on Feb 26, 2016.
             Slain by a gnoll
             ... wielding a +0 halberd
              (14 damage)
             ... on level 1 of the Dungeon.
             The game lasted 00:13:15 (2126 turns).

dearth the Grasshopper (Spriggan Warper)            Turns: 2126, Time: 00:13:17

Health: -5/22      AC:  3    Str:  7    XL:     4   Next: 43%
Magic:  8/10       EV: 19    Int: 15    God:
Gold:   113        SH:  0    Dex: 15    Spells: 4 memorised, 1 level left

rFire  . . .     SeeInvis +     a - +1 short sword
rCold  . . .     Clarity  .     b - +1 robe
rNeg   . . .     SustAt   .     (shield restricted)
rPois  .         Gourm    .     (helmet restricted)
rElec  .         Spirit   .     (no cloak)
rCorr  .         Warding  .     (gloves unavailable)
rMut   .         Stasis   .     (boots unavailable)
MR     +....                    (no amulet)
Stlth  +++.......               l - ring of stealth
                                j - ring of protection from magic

@: very slightly contaminated, very quick, somewhat resistant to hostile
enchantments, fairly stealthy
A: unfitting armour, see invisible, herbivore 3, speed 3, slow metabolism 2
a: no special abilities


You were on level 1 of the Dungeon.
You were not hungry.

You visited 1 branch of the dungeon, and saw 2 of its levels.

You collected 113 gold pieces.

Inventory:

Hand Weapons
 a - a +1 short sword (weapon)
Missiles
 e - 4 tomahawks of dispersal (quivered)
Armour
 b - a +1 robe (worn)
Jewellery
 j - a ring of protection from magic (left hand)
 l - a ring of stealth (right hand)
Scrolls
 d - a scroll of blinking
 g - a scroll of identify
 m - 2 scrolls of amnesia
Potions
 h - a potion of ambrosia {unknown}
 k - a potion of agility {unknown}
 r - 2 potions of curing {unknown}
Books
 c - a book of Spatial Translocations

   Spells                             Type                      Level
   a - Apportation                    Translocation                1
   b - Blink                          Translocation                2
   c - Shroud of Golubria             Charms/Translocation         2
   d - Portal Projectile              Translocation                3
   e - Teleport Other                 Translocation                3
   f - Passage of Golubria            Translocation                4
Comestibles
 f - 2 bread rations


   Skills:
 - Level 1.5 Fighting
 + Level 3.1 Short Blades
 - Level 1.0 Throwing
 * Level 4.7 Dodging
 + Level 2.7 Stealth
 + Level 3.4 Spellcasting
 + Level 4.9 Translocations


You had one spell level left.
You knew the following spells:

 Your Spells              Type           Power        Failure   Level  Hunger
a - Apportation           Tloc           ###.......   2%          1    None
b - Shroud of Golubria    Chrm/Tloc      ##........   12%         2    ##.....
c - Blink                 Tloc           N/A          4%          2    ##.....
d - Portal Projectile     Tloc           ###...       10%         3    ###....


Dungeon Overview and Level Annotations

Branches:
Dungeon (2/15)

Altars:

Annotations:
D:2 Ijyb


Innate Abilities, Weirdness & Mutations

You are tiny and cannot use many weapons and most armour.
You have supernaturally acute eyesight.
You are a herbivore.
You cover ground extremely quickly.
You need consume almost no food.


Message History

The gnoll closely misses you. The gnoll completely misses you.
You climb upwards.
There is a stone staircase leading down here.
Throwing (i - inventory):
e - 5 tomahawks of dispersal (quivered)
Press: ? - help, Shift-Dir - straight line, f - gnoll
Aim: a gnoll, wielding an enchanted falchion You throw a tomahawk of dispersal.
The tomahawk of dispersal hits the gnoll.
The gnoll blinks!
The gnoll is lightly wounded.
The gnoll hits you with a halberd!
Ouch! That really hurt!
Casting: Shroud of Golubria
Confirm with . or Enter, or press ? or * to list all spells.
You miscast Blink.
You are very lightly contaminated with residual magic.
The floor and the ceiling briefly switch places.
The gnoll hits you with a halberd!
Ouch! That really hurt!
You die...

†....# ##.###.#
.....# #..##.#
###### ##.##.#
#g.#.# ##.#.#
#...# ##..#
#############§g#
#.............@#
#.##############
#(# #.# #.# #.#
#.# #.# #.#


You could see 2 gnolls.

Vanquished Creatures
  3 gnolls (D:2)
  4 adders (D:2)
  3 hobgoblins
  2 kobolds
  2 ball pythons
  6 bats
  3 giant geckos
  7 giant newts
  3 goblins
  7 rats
40 creatures vanquished.

Notes
Turn   | Place    | Note
--------------------------------------------------------------
     0 | D:1      | dearth the Spriggan Warper began the quest for the Orb.
     0 | D:1      | Reached XP level 1. HP: 10/10 MP: 5/5
   723 | D:1      | Reached XP level 2. HP: 14/14 MP: 6/6
   844 | D:1      | Learned a level 2 spell: Shroud of Golubria
   847 | D:1      | Learned a level 2 spell: Blink
   937 | D:2      | Noticed Ijyb
  1275 | D:2      | Reached skill level 1 in Stealth
  1275 | D:2      | Reached XP level 3. HP: 10/18 MP: 6/8
  1719 | D:2      | Reached XP level 4. HP: 13/22 MP: 9/9
  2118 | D:1      | Learned a level 3 spell: Portal Projectile
  2126 | D:1      | Slain by a gnoll

Action                   |  1- 3 |  4- 6 || total
-------------------------+-------+-------++-------
Melee: Short sword       |   124 |    31 ||   155
Throw: Tomahawk          |       |     1 ||     1
 Cast: Shroud of Golubri |     1 |       ||     1
  Use: Scroll            |     6 |       ||     6
 Stab: Sleeping          |     6 |     1 ||     7
